 Dungeon Crawl Stone Soup version 0.25-a0-591-g2ad0d861f1 (webtiles) character file.

Game seed: 10770340246400340408, levelgen mode: deterministic

20 Borov the Chopper (level 2, 0/27 HPs)
             Began as a Minotaur Berserker on Mar 14, 2020.
             Was a Follower of Trog.
             Succumbed to a goblin's poison
             ... on level 1 of the Dungeon.
             The game lasted 00:09:44 (519 turns).

Borov the Chopper (Minotaur Berserker)               Turns: 519, Time: 00:09:44

Health: 0/27       AC:  2    Str: 21    XL:     2   Next: 58%
Magic:  1/1        EV: 12    Int:  4    God:    Trog [*.....]
Gold:   19         SH:  0    Dex:  9    Spells: 1/1 levels left

rFire    . . .     SeeInvis .   a - +0 hand axe
rCold    . . .     Gourm    .   (no shield)
rNeg     . . .     Faith    .   b - +0 animal skin
rPois    .         Spirit   .   (helmet restricted)
rElec    .         Reflect  .   (no cloak)
rCorr    .         Harm     .   (no gloves)
MR       .....                  (no boots)
Stlth    +.........             (no amulet)
HPRegen  0.09/turn              (no ring)
MPRegen  0.07/turn              (no ring)

@: lethally poisoned (0 -> -3), berserk cooldown, slowed, very slow
A: retaliatory headbutt, horns 2
a: Berserk, Renounce Religion


You were on level 1 of the Dungeon.
You worshipped Trog.
Trog was aware of your devotion.
You were full.

You visited 1 branch of the dungeon, and saw 1 of its levels.

You collected 19 gold pieces.

Inventory:

Hand Weapons
 a - a +0 hand axe (weapon)
 i - a +0 dagger
 j - a +0 club
 k - a +0 short sword
 m - a +0 club
 p - a +0 club
 q - a +0 club
 r - a +0 club
 s - a cursed -2 club
Missiles
 g - 28 poisoned darts
 h - 39 stones (quivered)
Armour
 b - a +0 animal skin (worn)
 d - a +0 helmet
 e - a +0 centaur barding
 n - a +0 ring mail
Jewellery
 l - an uncursed amulet of rage {unknown}
Comestibles
 c - a ration


   Skills:
 + Level 4.0 Fighting
 * Level 4.4 Axes
 + Level 2.4 Armour
 - Level 2.1 Dodging


You had one spell level left.
You didn't know any spells.
Your spell library was empty.

Dungeon Overview and Level Annotations

Branches:
Dungeon (1/15)

Altars:


Innate Abilities, Weirdness & Mutations

You reflexively headbutt those who attack you in melee.
You have a pair of horns on your head.


Message History

You feel sick.
g - 26 poisoned darts (gained 1)
There are no items here.
You feel your anger nearly subside.
g - 27 poisoned darts (gained 1)
You are no longer berserk.
You are exhausted.
You feel yourself slow down.
* * * LOW HITPOINT WARNING * * *
You feel sick.
You see here a poisoned dart.
g - 28 poisoned darts (gained 1)
* * * LOW HITPOINT WARNING * * *
You feel sick.
As you read the scroll labeled LAYCVU PILO, it crumbles to dust.
It is a scroll of identify.
n - a +0 ring mail
As you read the scroll labeled UTZIUZX POLUGE, it crumbles to dust.
You feel blessed for a moment.
It was a scroll of remove curse.
You die...

### ..######.#
..§....#.###########
.≈≈§≈≈.............#
.§###≈.............# .≈#
#≈.............#
.≈###§§............##########
.≈≈§≈≈§......................
...†............@...†...#####
.≈§≈≈≈.###########......#
.§###§.# #......# .§# #≈§#
#......# .§# #≈.# #......#
§≈§≈≈§§# #......# §.§.§§.#
#......# .§≈§≈≈.# #......#


There were no monsters in sight!

Vanquished Creatures
  A giant cockroach (D:1)
  7 goblins (D:1)
  2 hobgoblins (D:1)
  3 kobolds (D:1)
  A ball python (D:1)
  A bat (D:1)
  A rat (D:1)
16 creatures vanquished.

Notes
Turn   | Place    | Note
-------+----------+-------------------------------------------
     0 | D:1      | Borov the Minotaur Berserker began the quest for the Orb.
     0 | D:1      | Reached XP level 1. HP: 19/19 MP: 0/0
   354 | D:1      | Reached XP level 2. HP: 27/27 MP: 1/1
   517 | D:1      | HP: 1/27 [poisoned by a goblin]
   519 | D:1      | Succumbed to a goblin's poison

Levels and vault maps discovered:
D:1:      nzn_arrival_settlement, layout_basic, kennysheep_boxes

Skill      XL: |  1  2 |
---------------+-------+-----
Axes           | 4 |  4.4
Fighting       | 4 |  4.0
Armour         | |  2.4
Dodging        | |  2.1

Action                   || total
-------------------------++-------
Melee: Hand axe          ||    24
       Headbutt          ||     2
Throw: Stone             ||    15
  Use: Scroll            ||     2
       Potion            ||     1
  Eat: Ration            ||     1
Armor: Animal skin       ||     4
Dodge: Dodged            ||    15

Table legend:
 A = Non-vault XP
 B = Vault XP
 C = Vault XP percentage of total XP
 D = Non-vault monster count
 E = Vault monster count
 F = Vault count percentage of total count
                 A         B        C        D         E       F
            +---------+---------+-------+---------+---------+-------
      Total |      29 |       0 |   0.0 |      16 |       0 |   0.0
            +---------+---------+-------+---------+---------+-------
        D:1 |      29 |       0 |   0.0 |      16 |       0 |   0.0
            +---------+---------+-------+---------+---------+-------
